 Dungeon Crawl Stone Soup version 0.23-a0-321-g6bcb69f (webtiles) character file.

11 Amnesiac the Digger (level 2, 22/22 HPs)
             Began as a Deep Dwarf Earth Elementalist on Oct 15, 2018.
             Quit the game on level 2 of the Dungeon.
             The game lasted 00:01:28 (545 turns).

Amnesiac the Digger (Deep Dwarf Earth Elementalist)  Turns: 545, Time: 00:01:28

Health: 22/22      AC:  2    Str: 11    XL:     2   Next: 13%
Magic:  3/3        EV: 13    Int: 15    God:
Gold:   11         SH:  0    Dex: 13    Spells: 1/4 levels left

rFire    . . .     SeeInvis .   h - +0 dagger
rCold    . . .     Gourm    .   (no shield)
rNeg     . . .     Faith    .   c - +0 robe
rPois    .         Spirit   .   (no helmet)
rElec    .         Reflect  .   (no cloak)
rCorr    .         Harm     .   (no gloves)
MR       .....                  (no boots)
Stlth    ++........             (no amulet)
HPRegen  0.00/turn              (no ring)
MPRegen  0.08/turn              (no ring)

@: non-regenerating
A: damage resistance, heal wounds, sense surroundings 1, no regeneration
a: Heal Wounds


You were on level 2 of the Dungeon.
You were not hungry.

You visited 1 branch of the dungeon, and saw 3 of its levels.

You collected 11 gold pieces.

Inventory:

Hand Weapons
 h - a +0 dagger (weapon)
Missiles
 b - 41 stones (quivered)
Armour
 a - a +0 ring mail
 c - a +0 robe (worn)
Scrolls
 f - 2 scrolls of identify {!r, unknown}
 g - a scroll of remove curse {!r, unknown}
Potions
 e - a potion of might {!q, unknown}
Comestibles
 d - 2 rations
 i - a chunk of flesh


   Skills:
 - Level 2.4 Dodging
 + Level 2.7 Stealth
 + Level 1.9 Spellcasting
 - Level 0.8 Transmutations
 * Level 4.4 Earth Magic


You had one spell level left.
You knew the following spells:

 Your Spells              Type           Power        Failure   Level  Hunger
a - Sandblast             Erth           ##....       3%          1    ##.....
b - Passwall              Tmut/Erth      #.......     12%         2    ###....

Your spell library contained the following spells:

 Spells                   Type           Power        Failure   Level  Hunger
 Stone Arrow              Conj/Erth      #.....       26%         3    ####...
 Petrify                  Tmut/Erth      #.......     58%         4    #####..
 Lee's Rapid Deconstruct  Erth           ##........   71%         5    ######.


Dungeon Overview and Level Annotations

Branches:
Dungeon (3/15)

Altars:
Makhleb
Wu Jian
The Shining One


Innate Abilities, Weirdness & Mutations

You are resistant to damage.
You can heal yourself by infusing magical energy.
You passively map a small area around you.
You do not regenerate.


Message History

You have reached level 2!
b - 44 stones Memorise Passwall, consuming 2 spell levels and leaving 1?
You start memorising the spell.
You continue memorising. x2
You finish memorising.
Spell assigned to 'b'.
Things that are here:
a +0 whip; a +0 ring mail There isn't anything to butcher here.
There is a glowing golden altar of the Shining One here.
You start resting.
Magic restored.
You start resting.
Magic restored.
Casting: Sandblast (safe; 3% risk of failure)
Confirm with . or Enter, or press ? or * to list all spells.
Aiming: Passwall (safe; 12% risk of failure)
Press: ? - help, Dir - move target cursor A translucent rock wall.
You begin to meditate on the wall.
You continue meditating on the rock. x2
You finish merging with the rock.
Casting: Passwall (safe; 12% risk of failure)
Confirm with . or Enter, or press ? or * to list all spells.
Aiming: Sandblast (safe; 3% risk of failure)
Press: ? - help, Shift-Dir - straight line, f - goblin
Aim: a goblin The blast of sand hits the goblin.
The goblin is severely wounded.
b - 43 stones Unknown command.
Casting: Sandblast (safe; 3% risk of failure)
Confirm with . or Enter, or press ? or * to list all spells.
Aiming: Sandblast (safe; 3% risk of failure)
Press: ? - help, Shift-Dir - straight line, f/p - goblin
Aim: a goblin (severely wounded)
The blast of sand hits the goblin.
You kill the goblin!
Training target 2.4 for Dodging reached!
b - 42 stones Unknown command.
You start resting.
Magic restored.
A kobold comes into view. It is wielding a -3 short sword.
The kobold shouts!
Found a whip.
A kobold is nearby!
Casting: Sandblast (safe; 3% risk of failure)
Confirm with . or Enter, or press ? or * to list all spells.
Aiming: Sandblast (safe; 3% risk of failure)
Press: ? - help, Shift-Dir - straight line, f - kobold
Aim: a kobold, wielding a -3 short sword The blast of sand hits the kobold.
You kill the kobold!
b - 41 stones
Casting: Sandblast (safe; 3% risk of failure)
Confirm with . or Enter, or press ? or * to list all spells.
You can't see any susceptible monsters within range! (Use Z to cast anyway.)
You see here a cursed -3 short sword.
e - a ruby potion {!q} Really quaff
e - a ruby potion {!q}?
Okay, then.
Okay, then.
Your magical essence is drained by the effort!
You feel much better.
Are you sure you want to abandon this character and quit the game? (Confirm

, ....................
,###....#.####<########
,
.......#.####.#######.
......#............## *
, ...)'#####.######.#
** *#.....##.# #.# * *
*#.....##.# #.#
,#..).....######.## ,
#@.....###........
,,#......# #........ ,
,, #......# #........ ,
#......# #........ *
**#......#*######.#. *
#........ #...#. ,
#......##* #.###. * ,
#......# ,#. #. # #.


There were no monsters in sight!

Vanquished Creatures
  An orc (D:2)
  A ball python (D:1)
  A giant cockroach (D:1)
  2 goblins
  A hobgoblin (D:3)
  A bat (D:2)
  2 kobolds
9 creatures vanquished.

Notes
Turn   | Place    | Note
-------+----------+-------------------------------------------
     0 | D:1      | Amnesiac the Deep Dwarf Earth Elementalist began the quest
                  | for the Orb.
     0 | D:1      | Reached XP level 1. HP: 15/15 MP: 3/3
   334 | D:2      | Found a burning altar of Makhleb.
   334 | D:2      | Found an ornate altar of the Wu Jian Council.
   337 | D:2      | Found a glowing golden altar of the Shining One.
   390 | D:3      | Noticed an orc priest
   420 | D:2      | Reached XP level 2. HP: 8/22 MP: 0/4
   424 | D:2      | Learned a level 2 spell: Passwall
   545 | D:2      | Quit the game

Vault maps used:
D:1:      elethiomel_arrival_fortress_basement
D:2:      nicolae_overflow_hidden_temple, first_ration
D:3:      chequers_ecumenical_altar_twisty, minmay_misc_feat_encased, tgw_trog

Action                   || total
-------------------------++-------
Melee: Dagger            ||     1
 Cast: Sandblast         ||    16
       Passwall          ||     1
 Abil: Heal Wounds       ||     1
Armor: Robe              ||     3
Dodge: Dodged            ||     8

Table legend:
 A = Non-vault XP
 B = Vault XP
 C = Vault XP percentage of total XP
 D = Non-vault monster count
 E = Vault monster count
 F = Vault count percentage of total count
                 A         B        C        D         E       F
            +---------+---------+-------+---------+---------+-------
      Total |      15 |       1 |   6.2 |       8 |       1 |  11.1
            +---------+---------+-------+---------+---------+-------
        D:1 |       4 |       1 |  20.0 |       2 |       1 |  33.3
        D:2 |       7 |       0 |   0.0 |       4 |       0 |   0.0
        D:3 |       4 |       0 |   0.0 |       2 |       0 |   0.0
            +---------+---------+-------+---------+---------+-------
